 Dungeon Crawl Stone Soup version 0.29.1-4-g47bece8355 (webtiles) character file.

Game seed: 1281228552772920525

595 ChadusMaximus the Shield-Bearer (level 7, -1/62 HPs)
             Began as a Minotaur Fighter on Dec 10, 2022.
             Slain by a jelly (2 damage)
             ... on level 4 of the Dungeon.
             The game lasted 00:02:44 (3704 turns).

ChadusMaximus the Shield-Bearer (Minotaur Fighter)  Turns: 3704, Time: 00:02:45

Health: -1/62      AC: -3    Str: 22    XL:     7   Next: 17%
Magic:  0/6        EV:  9    Int:  5    God:
Gold:   185        SH:  5    Dex: 10    Spells: 6/6 levels left

rFire   . . .      SeeInvis .   a - +0 war axe
rCold   . . .      Faith    .   c - +0 buckler
rNeg    . . .      Spirit   +   b - +0 scale mail
rPois   .          Reflect  .   (helmet restricted)
rElec   .          Harm     .   (no cloak)
rCorr   .          Rampage  .   m - +0 pair of gloves
Will    .....                   (no boots)
Stlth   ..........              n - amulet of guardian spirit
HPRegen 0.20/turn               (no ring)
MPRegen 0.10/turn               (no ring)

@: corroded, hasted, very quick
A: horns 2, retaliatory headbutt
a: no special abilities


You were on level 4 of the Dungeon.
You visited 1 branch of the dungeon, and saw 4 of its levels.
You also visited: Sewer.

You collected 185 gold pieces.

Inventory:

Hand Weapons
 a - a +0 war axe (weapon)
Armour
 b - a +0 scale mail (worn)
 c - a +0 buckler (worn)
 m - a +0 pair of gloves (worn)
Jewellery
 n - an amulet of guardian spirit (around neck)
 t - a ring of protection from cold
Wands
 s - a wand of flame (27)
Scrolls
 g - a scroll of fog {unknown}
 h - a scroll of amnesia {unknown}
 i - 4 scrolls of teleportation
 j - a scroll of silence {unknown}
 k - a scroll of identify
 p - a scroll of vulnerability {unknown}
 r - a scroll of enchant armour {unknown}
 v - a scroll of magic mapping {unknown}
 y - a scroll of fear {unknown}
 z - a scroll of summoning {unknown}
 A - a scroll of noise {unknown}
Potions
 d - 3 potions of might
 e - a potion of cancellation {unknown}
 f - 2 potions of mutation {unknown}
 l - 3 potions of haste
 o - a potion of lignification {unknown}
 q - a potion of ambrosia {unknown}
 u - 3 potions of magic {unknown}
 w - a potion of invisibility {unknown}
 x - 2 potions of attraction {unknown}


   Skills:
 + Level 5.9 Fighting
 + Level 5.1 Axes
 + Level 5.8 Armour
 + Level 5.9 Shields


You had 6 spell levels left.
You didn't know any spells.
Your spell library contained the following spells:

 Spells                   Type           Power      Damage    Failure   Level
 Blink                    Tloc           0%         N/A       94%         2
 Lesser Beckoning         Tloc           0%         N/A       99%         3
 Manifold Assault         Tloc           0%         N/A       100%        5


Dungeon Overview and Level Annotations

Branches:
Dungeon (4/15)              Sewer (visited)
 Temple: D:4-7

Altars:


Innate Abilities, Weirdness & Mutations

You have a pair of horns on your head.
You reflexively headbutt those who attack you in melee.


Message History

There are monsters nearby!
You feel sick. The kobold barely misses you. You furiously retaliate!
You headbutt the kobold!
You kill the kobold!
A jelly is nearby!
Found a flail.
You feel sick.
Things that are here:
a +0 club; 6 poisoned darts; a kobold corpse A jelly is nearby!
You feel sick. The jelly hits you but does no damage.
There are monsters nearby!
You hit the jelly. The acid corrodes you!
Your hands burn!
You headbutt the jelly!
The jelly is heavily wounded.
You feel sick. The jelly hits you.
You are splashed with acid!
There are monsters nearby!
You hit the jelly but do no damage.
Your hands burn!
The jelly is heavily wounded.
You feel sick. The jelly hits you. The acid corrodes you!
You are splashed with acid!
There are monsters nearby!
You are too injured to fight recklessly!
There are monsters nearby!
You are too injured to fight recklessly!
You feel sick. The jelly hits you.
You are splashed with acid!
The jelly attacks as you move away! The jelly hits you.
You are splashed with acid!
* * * LOW HITPOINT WARNING * * *
You feel sick.
You are no longer poisoned.
As you read the scroll labelled FEISAHIHOU, it crumbles to dust.
It is a scroll of identify.
i - 4 scrolls of teleportation The jelly hits you.
* * * LOW HITPOINT WARNING * * *
The acid corrodes you!
You are splashed with acid!
* * * LOW HITPOINT WARNING * * *
Okay, then.
It was a potion of haste.
You feel yourself speed up. The jelly hits you.
You die...

# #.# # #..... .# # #..
.. ..# #.# #. #.# #.#
#.##g# ##+ #.# ....####
#... #.# #......# ...).
#@# #...##.#
......#J####...##.#
.......g)......##.######
........................
......####++#####.######
.....# #.# ....# ###
#..# ###


You could see a jelly and a hobgoblin.

Vanquished Creatures
  Sigmund (D:2)
  2 kobold brigands (Sewer)
  Natasha (thrice) (D:2)
  Robin (D:2)
  A gnoll (D:1)
  3 river rats (Sewer)
  8 adders
  3 worms
  A dart slug (D:3)
  An orc (D:4)
  9 ball pythons
  5 bats
  7 endoplasms
  6 giant cockroaches
  10 goblins
  9 hobgoblins
  2 jackals (D:4)
  9 kobolds
  8 quokkas
  5 frilled lizards
  13 rats
107 creatures vanquished.

Notes
Turn   | Place    | Note
-------+----------+-------------------------------------------
     0 | D:1      | ChadusMaximus the Minotaur Fighter began the quest for the
                  | Orb.
     0 | D:1      | Reached XP level 1. HP: 19/19 MP: 0/0
    66 | D:1      | Reached XP level 2. HP: 23/27 MP: 1/1
   375 | D:1      | Reached XP level 3. HP: 33/33 MP: 2/2
   379 | D:1      | Found a faded altar of an unknown god.
   858 | D:2      | Identified the +1 helmet of the Iron Devil {Int+3 Dex+7}
   858 | D:2      | Noticed Robin
   870 | D:2      | Killed Robin
  1094 | D:2      | Reached XP level 4. HP: 37/40 MP: 3/3
  1202 | D:2      | Noticed Natasha
  1211 | D:2      | Killed Natasha
  1706 | D:2      | Noticed Natasha
  1718 | D:2      | Killed Natasha
  1719 | D:2      | Reached XP level 5. HP: 32/47 MP: 4/4
  1803 | D:2      | Noticed Sigmund
  1814 | D:2      | Killed Sigmund
  1815 | D:2      | Reached skill level 5 in Fighting
  1815 | D:2      | Reached skill level 5 in Armour
  1815 | D:2      | Reached skill level 5 in Shields
  1815 | D:2      | Reached XP level 6. HP: 24/56 MP: 0/5
  2005 | D:2      | Noticed Natasha
  2010 | D:2      | Killed Natasha
  2223 | D:3      | Found a glowing drain.
  2231 | Sewer    | Entered a sewer
  2630 | Sewer    | Reached skill level 5 in Axes
  2630 | Sewer    | Reached XP level 7. HP: 57/62 MP: 6/6
  3703 | D:4      | HP: 1/62 [acid (9)]
  3704 | D:4      | Slain by a jelly

Illustrated notes

Levels and vault maps discovered:
D:1:      dpeg_arrival_tiny_f, layout_basic, basic_ecumenical_altar
D:2:      layout_loops_ring, grunt_ministairs_10, uniq_sigmund, uniq_robin,
          uniq_natasha
D:3:      kb_forest_paths, layout_basic, gup_sewer_entry_bubbles
D:4:      layout_loops_corners, lemuel_crystal_altar, kennysheep_big_empty_room

Skill      XL: |  1  2  3  4  5  6 |
---------------+-------------------+-----
Armour         | 4 5 |  5.8
Shields        | 4 5 |  5.9
Fighting       | 4 5 |  5.9
Axes           | 3 4 5 |  5.1

Action                   |  1- 3 |  4- 6 |  7- 9 || total
-------------------------+-------+-------+-------++-------
Melee: War axe           |    70 |   153 |    48 ||   271
       Headbutt          |    11 |    20 |     9 ||    40
  Use: Scroll            |       |       |     1 ||     1
       Potion            |       |       |     1 ||     1
Armor: Scale mail        |    31 |    56 |    16 ||   103
Dodge: Dodged            |    39 |    57 |    19 ||   115
Block: Buckler           |    14 |    33 |     9 ||    56
